 Dungeon Crawl Stone Soup version 0.29.1-12-g30fa7ad0bf (webtiles) character file.

Game seed: 2319450214553519724

112 KittyFluff the Covered (level 4, 0/29 HPs)
             Began as a Gargoyle Fighter on Dec 29, 2022.
             Was an Initiate of Trog.
             Slain by Sigmund
             ... wielding a +0 scythe
              (5 damage)
             ... on level 3 of the Dungeon.
             The game lasted 00:09:44 (2202 turns).

KittyFluff the Covered (Gargoyle Fighter)           Turns: 2202, Time: 00:09:45

Health: 0/29       AC: 13    Str: 19    XL:     4   Next: 93%
Magic:  4/4        EV: 13    Int:  9    God:    Trog [......]
Gold:   103        SH:  0    Dex: 11    Spells: 3/3 levels left

rFire   . . .      SeeInvis .   a - +0 flail
rCold   . . .      Faith    .   c - +0 buckler
rNeg    + . .      Spirit   .   b - +0 scale mail
rPois   ∞          Reflect  .   (no helmet)
rElec   +          Harm     .   s - +2 cloak
rCorr   .          Rampage  .   (no gloves)
Will    .....                   (no boots)
Stlth   ..........              (no amulet)
HPRegen 0.09/turn               h - +4 ring of evasion
MPRegen 0.09/turn               (no ring)

@: confused, on berserk cooldown, slowed, very slow
A: sickness immunity, AC +3, negative energy resistance 1, electricity
resistance, torment resistance 1, petrification resistance
a: Renounce Religion


You were on level 3 of the Dungeon.
You worshipped Trog.
Trog was noncommittal.
You visited 1 branch of the dungeon, and saw 3 of its levels.

You collected 103 gold pieces.

Inventory:

Hand Weapons
 a - a +0 flail (weapon)
 t - a +0 sling
Missiles
 k - 11 stones (quivered)
 q - 5 poisoned darts
Armour
 b - a +0 scale mail (worn)
 c - a +0 buckler (worn)
 s - a +2 cloak (worn)
 y - a +0 pair of gloves
Jewellery
 h - a +4 ring of evasion (left hand)
Scrolls
 j - 4 scrolls of teleportation
 n - a scroll of silence {unknown}
 p - a scroll of immolation {unknown}
 r - a scroll of butterflies {unknown}
 u - 2 scrolls of identify
 v - a scroll of vulnerability {unknown}
 w - a scroll of fear {unknown}
 x - a scroll of noise {unknown}
Potions
 d - a potion of might
 e - a potion of invisibility
 f - a potion of ambrosia
 g - 2 potions of curing {unknown}
 i - 2 potions of degeneration {unknown}
 l - a potion of haste
 m - 3 potions of heal wounds {unknown}
 o - a potion of resistance {unknown}


   Skills:
 + Level 3.8 Fighting
 + Level 2.8 Maces & Flails
 * Level 4.3 Armour
 + Level 1.0 Dodging
 + Level 0.3 Stealth
 + Level 3.8 Shields


You had 3 spell levels left.
You didn't know any spells.
Your spell library was empty.

Dungeon Overview and Level Annotations

Branches:
Dungeon (3/15)

Altars:
Trog

Annotations:
D:3 Sigmund


Innate Abilities, Weirdness & Mutations

You are immune to sickness and miasma.
Your stone body is resilient. (AC +3)
You are immune to poison.
You resist negative energy. (rN+)
You are resistant to electric shocks. (rElec)
You are resistant to unholy torment.
You are immune to petrification.


Message History

Sigmund attacks as you move away! Sigmund barely misses you.
You bump into the rock wall.
Sigmund zaps a wand.
The puff of flame hits you but does no damage.
Sigmund zaps a wand.
The puff of flame hits you but does no damage.
You feel less invigorated.
Sigmund hits you from afar with a +0 scythe.
You bump into the rock wall.
Sigmund closely misses you.
You bump into the rock wall.
Sigmund barely misses you. Sigmund hits you but does no damage.
You bump into the rock wall.
Sigmund zaps a wand.
The puff of flame hits you but does no damage.
Sigmund closely misses you.
You feel less confused.
Sigmund zaps a wand.
The puff of flame misses you. Sigmund gestures at you while chanting.
The puff of flame misses you.
Sigmund gestures wildly while chanting.
Sigmund flickers and vanishes!
Deactivating autopickup; reactivate with Ctrl-A.
You closely miss something.
You hear some strange, mumbled words.
Something tries to affect you, but you resist.
Something hits you.
You closely miss something.
You hear a zap.
A puff of flame appears from out of thin air!
The puff of flame hits you!
You miss something.
Something hits you but does no damage. x2
You miss something.
You hear some strange, mumbled words.
You are confused.
You miss something. Something hits you but does no damage.
You hear some strange, mumbled words.
A puff of flame appears from out of thin air!
The puff of flame hits you but does no damage.
Something hits you!
* * * LOW HITPOINT WARNING * * *
You bump into the rock wall.
Something hits you.
You die...

................#
# #..####.#####.#
###.......# #.#
..........# #†##
###.####### #..#
# #... ##.# .
#..... #.#
.##..$.... #.#
.......... ##@##
.......... ##...#
.##....... #.{#.#
# #....# #.####
#. #. #. #.


There were no monsters in sight!

Vanquished Creatures
  6 adders (D:2)
  2 worms
  2 dart slugs (D:2)
  An orc (D:3)
  8 bats
  5 endoplasms
  3 giant cockroaches
  3 goblins
  2 hobgoblins (D:1)
  3 kobolds
  4 quokkas
  4 ball pythons (D:2)
  2 frilled lizards
  3 rats
48 creatures vanquished.

Notes
Turn   | Place    | Note
-------+----------+-------------------------------------------
     0 | D:1      | KittyFluff the Gargoyle Fighter began the quest for the
                  | Orb.
     0 | D:1      | Reached XP level 1. HP: 14/14 MP: 1/1
   243 | D:1      | Reached XP level 2. HP: 18/19 MP: 2/2
   797 | D:2      | Reached XP level 3. HP: 23/24 MP: 3/3
   961 | D:2      | Found a bloodstained altar of Trog.
   990 | D:2      | Became a worshipper of Trog the Wrathful
  1052 | D:2      | Reached skill level 4 in Armour
  1111 | D:2      | Reached XP level 4. HP: 29/29 MP: 4/4
  1586 | D:2      | Reached skill level 1 in Dodging
  2161 | D:3      | Reached * piety under Trog
  2167 | D:3      | Noticed Sigmund
  2202 | D:3      | Slain by Sigmund

Illustrated notes

Levels and vault maps discovered:
D:1:      heliophobic_arrival_ceremonial_halls, layout_loops_cross,
          shapermc_ecumenical_altar_mp_urbaneastern
D:2:      layout_loops_ring, basic_altar
D:3:      layout_loops_cross, uniq_sigmund

Skill      XL: |  1  2  3  4 |
---------------+-------------+-----
Armour         | 4 |  4.3
Dodging        | 1 |  1.0
Fighting       | |  3.8
Maces & Flails | |  2.8
Stealth        | |  0.3
Shields        | |  3.8

Action                   |  1- 3 |  4- 6 || total
-------------------------+-------+-------++-------
Melee: Flail             |   119 |    70 ||   189
Throw: Stone             |     4 |     8 ||    12
Invok: Berserk           |       |     1 ||     1
  Use: Scroll            |     1 |     2 ||     3
       Potion            |       |     1 ||     1
Armor: Scale mail        |    63 |    39 ||   102
Dodge: Dodged            |    96 |    39 ||   135
Block: Buckler           |    29 |    10 ||    39
